 Dungeon Crawl Stone Soup version 0.27.1-1-g398f81649c (webtiles) character file.

Game seed: 15440030548978621328

572 Destapler the Skirmisher (level 7, -4/61 HPs)
             Began as a Minotaur Gladiator on Sept 14, 2021.
             Was a Believer of Makhleb.
             Slain by an ogre (13 damage)
             ... on level 3 of the Dungeon.
             The game lasted 00:07:08 (2965 turns).

Destapler the Skirmisher (Minotaur Gladiator)       Turns: 2965, Time: 00:07:10

Health: -4/61      AC: 10    Str: 18    XL:     7   Next: 12%
Magic:  9/9        EV: 10    Int:  5    God:    Makhleb [**....]
Gold:   148        SH:  5    Dex: 14    Spells: 6/6 levels left

rFire    x . .     SeeInvis .   m - +3 club
rCold    + + .     Faith    .   (no shield)
rNeg     . . .     Spirit   .   r - +0 ice dragon scales
rPois    .         Reflect  +   c - +0 hat
rElec    .         Harm     .   (no cloak)
rCorr    .         Rampage  .   (no gloves)
Will     .....                  (no boots)
Stlth    ..........             j - amulet of reflection
HPRegen  0.20/turn              (no ring)
MPRegen  0.11/turn              (no ring)

@: no status effects
A: horns 2, retaliatory headbutt
a: Renounce Religion, Minor Destruction


You were on level 3 of the Dungeon.
You worshipped Makhleb.
Makhleb was pleased with you.
You visited 1 branch of the dungeon, and saw 4 of its levels.

You collected 148 gold pieces.

Inventory:

Hand Weapons
 a - a +0 trident
 m - a +3 club (weapon)
Missiles
 d - 2 throwing nets
 n - 14 poisoned darts (quivered)
 s - 5 curare-tipped darts
Armour
 b - a +0 leather armour
 c - a +0 hat (worn)
 r - +0 ice dragon scales (worn)
Jewellery
 j - an amulet of reflection (around neck)
Wands
 q - a wand of flame (16)
Scrolls
 e - 2 scrolls of magic mapping {unknown}
 g - a scroll of teleportation {unknown}
 h - 3 scrolls of identify {unknown}
 i - a scroll of blinking {unknown}
 k - a scroll of enchant weapon {unknown}
 l - 2 scrolls of summoning {unknown}
 p - a scroll of amnesia {unknown}
 t - a scroll of fear {unknown}
Potions
 f - 2 potions of haste
 o - a potion of flight


   Skills:
 - Level 5.0 Fighting
 - Level 4.0 Polearms
 - Level 4.0 Throwing
 - Level 3.0 Armour
 - Level 3.2 Dodging
 + Level 4.5 Invocations


You had 6 spell levels left.
You didn't know any spells.
Your spell library contained the following spells:

 Spells                   Type           Power      Damage    Failure   Level
 Conjure Flame            Conj/Fire      0%         6-21      99%         3
 Ignite Poison            Fire/Tmut/Pois 0%         N/A       99%         3
 Sticky Flame             Conj/Fire      0%         2d3       100%        4
 Malign Gateway           Summ/Tloc      0%         N/A       100%        7
 Summon Horrible Things   Summ           0%         N/A       100%        8


Dungeon Overview and Level Annotations

Branches:
Dungeon (4/15)
 Temple: D:4-7

Altars:
Makhleb
Wu Jian

Shops:
D:2 (

Annotations:
D:4 Ijyb, Pikel


Innate Abilities, Weirdness & Mutations

You have a pair of horns on your head.
You reflexively headbutt those who attack you in melee.


Message History

The quokka moves out of view.
An ogre and 3 lemures come into view.
Found 30 arrows.
The lemure shouts! x3
The lemure moves out of view.
Pikel the Slaver comes into view.
He is wielding a +2 whip of flaming and wearing a +2 robe of the Archmagi.
Pikel moves out of view.
The quokka twitches its whiskers.
Ijyb zaps a wand.
The bolt of acid misses you.
You closely miss the quokka.
The quokka bites you but does no damage.
Ijyb zaps a wand.
The bolt of acid hits the quokka!!
The quokka is splashed with acid!
The quokka dies!
The bolt of acid hits you!! The acid corrodes you!
You are splashed with acid!
The ogre completely misses you.
You see here a quokka corpse.
There is a stone staircase leading up here.
You climb upwards.
There is a stone staircase leading down here.
You hit the ogre.
The ogre is lightly wounded.
The ogre hits you with a +0 giant spiked club!
* * * LOW HITPOINT WARNING * * *
You hit the ogre.
The ogre is heavily wounded.
The ogre hits you with a +0 giant spiked club!
* * * LOW HITPOINT WARNING * * *
You are too injured to fight recklessly!
Okay, then.
The ogre misses you.
You are no longer corroded.
There is an open door here.
Press: ? - help, Shift-Dir - straight line, f - ogre
Aim: an ogre, wielding a +0 giant spiked club (moderately wounded)
The glob of acid hits the ogre!
The ogre is splashed with acid.
The acid corrodes the ogre!
The ogre is severely wounded.
The ogre hits you with a +0 giant spiked club!
You die...

#........†##### #####......)..#
#.............# #.............#
#.............# #.............#
###########.............#####
#####........##......###.#.......
.............'.O@.>..# #.#.######
.............##......# #.#..)..#
#####........####..#####.#####.##
## #........# #........# #.## .#
#........# #.######## #.## .#
#........# #.# #...# #.##
.####........# #.# #...# #.##
.##..........# #.# #...# #.##
.##.....#..#### #.# #...#####.##


You could see an ogre (corroded).

Vanquished Creatures
  Grinder (D:3)
  Sigmund (D:3)
  A scorpion (D:4)
  Jessica (D:2)
  Terence (D:3)
  An iguana (D:4)
  A howler monkey skeleton (D:4)
  3 adders (D:2)
  A worm (D:4)
  A dart slug (D:1)
  2 orcs
  7 endoplasms
  3 giant cockroaches
  3 goblins
  4 hobgoblins
  3 jackals (D:1)
  2 quokkas (D:3)
  5 ball pythons
  7 bats
  7 frilled lizards
  5 kobolds
  4 rats
64 creatures vanquished.

Vanquished Creatures (others)
  A quokka (D:4)
1 creature vanquished.

Grand Total: 65 creatures vanquished

Notes
Turn   | Place    | Note
-------+----------+-------------------------------------------
     0 | D:1      | Destapler the Minotaur Gladiator began the quest for the
                  | Orb.
     0 | D:1      | Reached XP level 1. HP: 18/18 MP: 0/0
   122 | D:1      | Found a faded altar of an unknown god.
   133 | D:1      | Became a worshipper of Makhleb the Destroyer
   133 | D:1      | Reached * piety under Makhleb
   171 | D:1      | Reached XP level 2. HP: 25/25 MP: 1/1
   272 | D:1      | Reached skill level 1 in Armour
   518 | D:1      | Reached ** piety under Makhleb
   519 | D:1      | Reached skill level 3 in Fighting
   711 | D:2      | Found Elen's Weapon Emporium.
   729 | D:2      | Reached XP level 3. HP: 23/31 MP: 2/2
   949 | D:2      | Noticed Jessica
   956 | D:2      | Killed Jessica
   957 | D:2      | Reached skill level 1 in Invocations
   957 | D:2      | Reached XP level 4. HP: 38/38 MP: 3/3
  1423 | D:3      | Noticed Grinder
  1431 | D:3      | Paralysed by Grinder for 6 turns
  1465 | D:3      | Killed Grinder
  1466 | D:3      | Reached skill level 4 in Fighting
  1466 | D:3      | Reached XP level 5. HP: 26/47 MP: 5/5
  1466 | D:3      | Reached XP level 6. HP: 29/53 MP: 6/6
  1950 | D:3      | Noticed Terence
  1968 | D:3      | Killed Terence
  2140 | D:3      | Found an ornate altar of the Wu Jian Council.
  2204 | D:3      | Noticed Sigmund
  2210 | D:3      | Killed Sigmund
  2211 | D:3      | Reached skill level 5 in Fighting
  2659 | D:4      | Reached XP level 7. HP: 59/61 MP: 9/9
  2910 | D:4      | Noticed Ijyb
  2912 | D:4      | Noticed Pikel
  2965 | D:3      | Slain by an ogre

Illustrated notes

Levels and vault maps discovered:
D:1:      minmay_arrival_up_and_down, layout_basic, basic_ecumenical_altar
D:2:      layout_rooms, serial_shops, nicolae_shop_crystal,
          kennysheep_generic_room_7, uniq_jessica
D:3:      layout_basic, nicolae_overflow_hidden_temple, uniq_grinder,
          uniq_sigmund, uniq_terence
D:4:      layout_basic, mainiacjoe_overflow_six_doors_small, uniq_pikel,
          uniq_ijyb, uniq_crazy_yiuf_cottage

Skill      XL: |  1  2  3  4  5  6 |
---------------+-------------------+-----
Armour         | 1 2 3 |  3.0
Fighting       | 3 4 5 |  5.0
Polearms       | 4 |  4.0
Invocations    | 1 2 4 |  4.5
Throwing       | 3 4 |  4.0
Dodging        | |  3.2

Action                   |  1- 3 |  4- 6 |  7- 9 || total
-------------------------+-------+-------+-------++-------
Melee: Trident           |    79 |     2 |       ||    81
       Headbutt          |     9 |    16 |     3 ||    28
       Club              |       |    91 |    17 ||   108
Throw: Throwing net      |     1 |     1 |       ||     2
       Dart              |       |    14 |       ||    14
Invok: Minor Destruction |       |       |     1 ||     1
  Use: Potion            |       |     3 |       ||     3
Armor: Leather armour    |    13 |     7 |       ||    20
       Ice dragon scales |       |    24 |     4 ||    28
       Skin              |       |     3 |       ||     3
Dodge: Dodged            |    29 |    43 |    10 ||    82
Block: Other             |       |    11 |     5 ||    16
